AoeStats
← Ze taboca5485

Arena

510226932Analyzed
3v3 RM · 1d ago on Sep 30, 2026· 31m 43s· 6 players
Game mode
Random Map
Map size
Normal (6 player)
Population
200
Speed
Normal
Resources
Standard
Victory
Conquest
Starting age
Dark Age
Ending age
Imperial Age
RankedLock teamsTeams togetherTeam positionsShared explorationLock speedFull tech treeHidden civsTurbo modeCheats
Victory
Defeat
🇨🇱 Franks · Chile
760
+17
🇨🇱 Portuguese · Chile
670
+20
🇨🇱 Japanese · Chile
670
+20
🇧🇷 Vietnamese · Brazil
866
-71
🇧🇷 Cumans · Brazil
734
-18
🇧🇷 Bulgarians · Brazil
700
-16
turcó
5:55 Loom
10:18 Feudal Age
12:29 Double-Bit Axe
12:25 Horse Collar
17:39 Forging
17:29 Scale Mail Armor
19:49 Castle Age
18:47 Gold Mining
18:48 Stone Mining
19:30 Forging
20:20 Wheelbarrow
21:28 Scale Mail Armor
21:44 Bow Saw
24:41 Squires
26:02 Hand Cart
29:59 Caravan
31:11 Chain Mail Armor
31:31 Iron Casting
31:07 Heavy Plow
31:22 Town Watch
dErG
11:17 Feudal Age
17:41 Castle Age
16:04 Double-Bit Axe
16:53 Horse Collar
31:20 Imperial Age
OVERHAUL
10:28 Feudal Age
11:00 Double-Bit Axe
17:00 Gold Mining
20:07 Castle Age
21:02 Bow Saw
20:57 Husbandry
Ze taboca5485
1:52 Loom
6:53 Loom
14:54 Feudal Age
16:55 Man-at-Arms
17:45 Arson
26:05 Double-Bit Axe
26:12 Gold Mining
26:03 Horse Collar
29:51 Wheelbarrow
halou157
11:54 Feudal Age
12:24 Double-Bit Axe
12:51 Arson
14:31 Forging
14:22 Scale Mail Armor
21:14 Castle Age
20:34 Loom
21:46 Gambesons
22:37 Chain Mail Armor
24:16 Husbandry
25:03 Scale Barding Armor
26:13 Gold Mining
29:10 Elite Skirmisher
TokyoTV4173
13:05 Feudal Age
15:09 Horse Collar
15:18 Double-Bit Axe
16:30 Wheelbarrow
18:31 Padded Archer Armor
20:23 Fletching
29:19 Castle Age
28:43 Loom
31:00 Hand Cart
30:15 Elite Skirmisher
31:56 Bodkin Arrow
Connection lost

Rejoining the realm…

Still unreachable

The connection could not be restored.

Session expired

The server has moved on; the page needs a fresh start.